AoeStats
← Olive Oil

Fortress

507979432Analyzed
3v3 RM · 13d ago on Sep 20, 2026· 49m 55s· 6 players
Game mode
Random Map
Map size
Large (8 player)
Population
200
Speed
Normal
Resources
Standard
Victory
Conquest
Starting age
Dark Age
Ending age
Imperial Age
RankedLock teamsTeams togetherTeam positionsShared explorationLock speedFull tech treeHidden civsTurbo modeCheats
Victory
Defeat
🇩🇪 Franks · Germany
820
+16
🇧🇷 Britons · Brazil
804
+16
🇫🇷 Bengalis · France
792
+17
🇹🇷 Turks · Türkiye
894
-19
🇹🇷 Teutons · Türkiye
780
-15
🇹🇷 Byzantines · Türkiye
768
-18
Acer IV
0:41 Loom
6:25 Feudal Age
15:23 Castle Age
13:04 Man-at-Arms
13:49 Double-Bit Axe
13:55 Horse Collar
14:44 Gold Mining
16:49 Wheelbarrow
16:00 Town Watch
16:50 Squires
17:35 Heavy Plow
17:27 Fletching
17:57 Long Swordsman
20:34 Crossbowman
21:16 Gambesons
29:23 Imperial Age
27:27 Ballistics
28:41 Hand Cart
29:33 Town Patrol
30:36 Fortified Wall
30:24 Murder Holes
31:05 Bodkin Arrow
31:32 Arbalester
32:48 Conscription
34:31 Caravan
35:36 Chemistry
34:27 Heated Shot
34:45 Bracer
34:46 Padded Archer Armor
34:57 Forging
34:47 Scale Mail Armor
37:06 Elite Elephant Archer
38:36 Heavy Scorpion
40:52 Leather Archer Armor
41:13 Iron Casting
40:53 Chain Mail Armor
42:15 Ring Archer Armor
44:29 Elite Ratha (Ranged)
45:33 Mahayana
45:19 Paiks
46:12 Gold Shaft Mining
Ignaz36 CS.PRO
10:14 Feudal Age
14:41 Castle Age
14:56 Light Cavalry
16:18 Husbandry
24:56 Pikeman
25:36 Squires
31:24 Imperial Age
31:48 #83
32:16 Wheelbarrow
31:27 Town Watch
33:31 Caravan
34:27 Conscription
33:30 Cavalier
34:36 Hand Cart
34:21 Town Patrol
35:09 Town Patrol
36:07 Scale Barding Armor
36:12 Forging
37:26 Paladin
39:27 Chivalry
39:37 Double-Bit Axe
40:16 Elite Throwing Axeman
41:20 Chain Barding Armor
41:36 Iron Casting
41:01 Fletching
41:08 Fletching
dangoca
0:37 Loom
8:06 Feudal Age
8:37 Horse Collar
8:49 Double-Bit Axe
14:26 Castle Age
22:24 Heavy Plow
25:05 Imperial Age
24:00 Town Watch
25:50 Wheelbarrow
25:16 Pikeman
26:44 Gold Mining
26:44 Stone Mining
28:54 Fortified Wall
28:35 Elite Longbowman
30:27 Gold Shaft Mining
29:42 Stone Mining
31:13 Bow Saw
30:27 Cavalier
31:22 Caravan
35:42 Arson
35:58 Squires
35:43 Gambesons
37:31 Husbandry
37:38 Halberdier
41:11 Ballistics
41:59 Heated Shot
43:28 Hoardings
49:47 Murder Holes
Timur
8:32 Feudal Age
8:58 Horse Collar
9:16 Double-Bit Axe
16:58 Castle Age
18:50 Bow Saw
18:44 Heavy Plow
28:01 Imperial Age
26:11 Wheelbarrow
25:23 Loom
26:19 Scale Mail Armor
26:30 Forging
32:18 Elite Teutonic Knight
33:40 Chain Mail Armor
34:01 Iron Casting
35:32 Ironclad
35:35 Crenellations
38:38 Hand Cart
38:03 Cavalier
Olive Oil
9:25 Feudal Age
13:52 Castle Age
11:58 Double-Bit Axe
14:55 Bow Saw
14:32 Horse Collar
15:56 Wheelbarrow
17:09 Fletching
17:19 Padded Archer Armor
17:40 Scale Barding Armor
19:52 Hand Cart
19:25 Town Watch
19:41 Bodkin Arrow
22:21 Thumb Ring
22:41 Sipahi
24:13 Gold Mining
24:15 Stone Mining
24:33 Husbandry
24:50 Bloodlines
24:56 Loom
25:49 Leather Archer Armor
26:50 Chain Barding Armor
26:42 Forging
28:04 Town Patrol
29:35 Iron Casting
30:01 Caravan
30:46 Heavy Plow
34:10 Imperial Age
35:49 Plate Barding Armor
36:37 Two-Man Saw
37:33 Conscription
41:57 Artillery
43:03 Elite Janissary
46:25 Bracer
46:56 Ring Archer Armor
47:29 Blast Furnace
47:02 Ring Archer Armor
Verdigrisis
7:59 Feudal Age
9:28 Wheelbarrow
8:40 Loom
8:45 Double-Bit Axe
8:44 Horse Collar
18:41 Castle Age
20:12 Padded Archer Armor
21:42 Bow Saw
23:47 Pikeman
24:28 Squires
25:48 Fortified Wall
28:00 Hand Cart
28:21 Forging
28:02 Fletching
28:28 Leather Archer Armor
28:00 Elite Skirmisher
29:33 Heavy Plow
29:56 Ballistics
30:14 Iron Casting
33:06 Imperial Age
34:04 Halberdier
34:05 Light Cavalry
34:46 Husbandry
34:07 Heavy Camel Rider
34:10 Elite Cataphract
35:56 Chemistry
35:29 Ring Archer Armor
36:33 Bodkin Arrow
41:15 Onager
Connection lost

Rejoining the realm…

Still unreachable

The connection could not be restored.

Session expired

The server has moved on; the page needs a fresh start.